 Dungeon Crawl Stone Soup version 0.28.0-1-gb440e238dd (webtiles) character file.

Game seed: 10120600990796682953

60781 Fallenstar the Severer (level 14, -1/112 HPs)
             Began as a Minotaur Fighter on Feb 19, 2022.
             Was a High Priest of Hepliaklqana.
             Slain by a catoblepas (12 damage)
             ... while petrified by a catoblepas
             ... in a Gauntlet.
             The game lasted 01:19:50 (13108 turns).

Fallenstar the Severer (Minotaur Fighter)          Turns: 13108, Time: 01:19:50

Health: -1/112     AC: 21    Str: 32    XL:     14   Next: 58%
Magic:  15/15      EV:  2    Int:  5    God:    Hepliaklqana [*****.]
Gold:   633        SH:  0    Dex: 10    Spells: 13/13 levels left

rFire   . . .      SeeInvis .   k - +2 broad axe (vorpal)
rCold   . . .      Faith    .   G - +0 kite shield
rNeg    + + +      Spirit   .   y - +0 plate armour
rPois   ∞          Reflect  .   (helmet restricted)
rElec   .          Harm     .   c - +1 cloak {rPois}
rCorr   .          Rampage  .   m - +0 pair of gloves
Will    +....      NoTele   +   e - +0 pair of boots
Stlth   ..........              u - amulet of regeneration
HPRegen 1.08/turn               h - ring of flight
MPRegen 0.14/turn               L - +6 ring of strength

@: petrified, flying, hasted
A: reduced essence, horns 2, retaliatory headbutt
a: Renounce Religion, Recall Ancestor, Ancestor Identity, Transference, Idealise


You were in a Gauntlet.
You worshipped Hepliaklqana.
Hepliaklqana was extremely pleased with you.
You visited 3 branches of the dungeon, and saw 16 of its levels.
You also visited: Gauntlet.

You collected 858 gold pieces.
You spent 225 gold pieces at shops.

Inventory:

Hand Weapons
 i - a +6 great mace
 k - a +2 vorpal broad axe (weapon)
Missiles
 b - 3 throwing nets (quivered)
Armour
 c - a +1 cloak of poison resistance (worn)
 e - a +0 pair of boots (worn)
 m - a +0 pair of gloves (worn)
 n - a +1 chain mail of willpower
 y - a +0 plate armour (worn)
 G - a +0 kite shield (worn)
Jewellery
 h - a ring of flight (left hand)
 p - a +6 ring of dexterity
 r - a ring of wizardry
 u - an amulet of regeneration (around neck)
 L - a +6 ring of strength (right hand)
Wands
 d - a wand of acid (2)
 l - a wand of digging (6)
 o - a wand of charming (5)
 q - a wand of polymorph (11)
 A - a wand of iceblast (15)
 B - a wand of paralysis (4)
 D - a wand of flame (19)
 J - a wand of mindburst (9)
Scrolls
 f - a scroll of enchant armour {unknown}
 t - 3 scrolls of blinking
 v - 10 scrolls of teleportation
 w - a scroll of immolation
 x - 5 scrolls of fog
 H - a scroll of brand weapon {unknown}
 K - 2 scrolls of summoning
Potions
 a - 3 potions of magic
 g - a potion of lignification
 j - a potion of ambrosia {unknown}
 s - 4 potions of invisibility
 E - 2 potions of curing
 F - a potion of cancellation {unknown}
 I - a potion of might


   Skills:
 + Level 11.7 Fighting
 + Level 16.3(18.5) Axes
 - Level 14.3(17.5) Maces & Flails
 + Level 12.1 Armour
 + Level 5.0 Dodging
 + Level 9.4 Shields
 + Level 3.5 Invocations
 + Level 2.8 Evocations


You had 13 spell levels left.
You didn't know any spells.
Your spell library contained the following spells:

 Spells                   Type           Power      Damage    Failure   Level
 Animate Skeleton         Necr           0%         N/A       100%        1
 Apportation              Tloc           0%         N/A       100%        1
 Slow                     Hex            0%         N/A       100%        1
 Summon Small Mammal      Summ           0%         N/A       100%        1
 Ensorcelled Hibernation  Hex/Ice        0%         N/A       100%        2
 Passwall                 Tmut/Erth      0%         N/A       100%        2
 Sublimation of Blood     Necr           0%         N/A       100%        2
 Wereblood                Tmut           0%         N/A       100%        2
 Confusing Touch          Hex            0%         N/A       100%        3
 Gell's Gravitas          Tloc           0%         N/A       100%        3
 Lesser Beckoning         Tloc           0%         N/A       100%        3
 Swiftness                Air            0%         N/A       100%        3
 Teleport Other           Tloc           0%         N/A       100%        3
 Vampiric Draining        Necr           0%         2d6       100%        3
 Petrify                  Tmut/Erth      0%         N/A       100%        4
 Metabolic Englaciation   Hex/Ice        0%         N/A       100%        5
 Statue Form              Tmut/Erth      0%         N/A       100%        6
 Summon Hydra             Summ           0%         N/A       100%        7
 Borgnjor's Revivificati  Necr           0%         N/A       100%        8
 Necromutation            Tmut/Necr      0%         N/A       100%        8
 Death's Door             Necr           0%         N/A       100%        9


Dungeon Overview and Level Annotations

Branches:
Dungeon (11/15)            Temple (1/1) D:7            Lair (4/6) D:11
  Swamp (0/4) Lair:2       Spider (0/4) Lair:3          Orc (0/2) D:11
Gauntlet (1/1)

Altars:
Ashenzari
Cheibriados
Dithmenos
Elyvilon
Fedhas
Gozag
Hepliaklqana
Kikubaaqudgha
Makhleb
Nemelex Xobeh
Okawaru
Qazlal
Ru
Sif Muna
Trog
Uskayaw
Vehumet
Wu Jian
Xom
The Shining One

Shops:
D:11 [

Annotations:
Gauntlet 21 runed translucent doors, 9 transporters


Innate Abilities, Weirdness & Mutations

Your life essence is reduced to manifest your ancestor. (-10% HP)
You have a pair of horns on your head.
You reflexively headbutt those who attack you in melee.


Message History

The gargoyle hurls a stone arrow at you.
The stone arrow hits you!
You feel much better.
The catoblepas gores you but does no damage.
The molten gargoyle hits you with a +0 flail!
You are engulfed in flames!
You block the gargoyle's attack.
You barely miss the molten gargoyle.
The molten gargoyle is moderately damaged.
You completely miss the gargoyle.
You hit the catoblepas but do no damage.
The catoblepas breathes a plume of calcifying dust at you.
The blast of calcifying dust hits you but does no damage.
The blast of calcifying dust hits the molten gargoyle but does no damage.
The gargoyle hits you with a +0 mace!
The molten gargoyle hits you with a +0 flail!
* * * LOW HITPOINT WARNING * * *
You are engulfed in flames!
* * * LOW HITPOINT WARNING * * *
You feel better.
You are engulfed in calcifying dust.
You are slowing down.
You block the catoblepas's attack.
The molten gargoyle hits you but does no damage.
The gargoyle hits you with a +0 mace!
* * * LOW HITPOINT WARNING * * *
Okay, then.
Blink to where?
Press: ? - help, Dir - move target
As you read the scroll of blinking, it crumbles to dust.
Your limbs are stiffening.
You feel yourself speed up.
The molten gargoyle blasts magma at you!
The bolt of magma hits you!
* * * LOW HITPOINT WARNING * * *
You have turned to stone.
The catoblepas gores you!!
* * * LOW HITPOINT WARNING * * *
The catoblepas gores you.
* * * LOW HITPOINT WARNING * * *
The catoblepas gores you!!
You die...

#.#.©.#§.............≈..........
#.#...#..###########...#########
#...#..#99#..©#.##...#........
#.8.#..#.#.###.#.#...#.#.....#
#...#..#.##.##.).#####..##.##.
#.8.#..#[###...###...#[.##.##.
#...#..#©...##.###©.©#©.#†©†#.
#≈8≈#..#?##.##Y9.#...#..##.##.
#####..#=##..@9#######|.##.##.
###..#.#..##.###...#.#.....#
#8#..#.##.##...#.8.#........
###..###########...#########
#.........................
#≈........................
########################## #8#
#8# #8# #8# #8# #8# ### ### ###
### ### ###


You could see a catoblepas, a molten gargoyle and a gargoyle.

Vanquished Creatures
  Harold (D:8)
  A boulder beetle (D:11)
  3 hydras
  A catoblepas (Lair:2)
  Erica (D:8)
  3 two-headed ogres
  The ghost of stickyfingers the Covert, a journeyman DEAr of Dithmenos (D:10)
  3 death yaks
  Sonja (Lair:3)
  The ghost of Flippered the Changer, a novice DrCj of Wu Jian (D:8)
  Pikel (D:6)
  Maurice (D:8)
  A black mamba (Lair:3)
  A molten gargoyle (Gauntlet)
  Joseph (D:7)
  Maggie (D:6)
  6 cane toads
  A gargoyle (D:10)
  3 komodo dragons
  3 rime drakes (Lair:3)
  2 trolls
  A polar bear (Lair:3)
  11 blink frogs
  A shadow (D:8)
  A wyvern (Lair:2)
  7 yaks
  2 wraiths
  Grum (D:10)
  2 steam dragons
  A basilisk (Lair:3)
  A redback (Lair:3)
  9 vampire mosquitoes
  3 swamp worms (Gauntlet)
  Duvessa (D:6)
  12 water moccasins
  A hornet zombie (D:8)
  5 orc warriors
  3 ice beasts
  4 ogres (D:5)
  2 necrophages
  16 wolves
  6 centaurs
  A lemure (D:6)
  3 kobold brigands
  A gnoll sergeant (D:11)
  9 bullfrogs
  3 scorpions
  A wyvern zombie (D:9)
  A hexer (Gauntlet)
  A water moccasin zombie (D:7)
  Dowan (D:6)
  A water moccasin skeleton (D:5)
  3 killer bees (D:10)
  8 wights
  An electric eel (D:6)
  8 howler monkeys
  A centaur zombie (D:5)
  2 gnoll shamans
  2 bullfrog zombies
  2 hounds
  A bullfrog skeleton (D:5)
  6 orc priests
  A centaur skeleton (D:4)
  A scorpion zombie (D:5)
  2 iguanas
  Terence (D:3)
  7 orc wizards
  A killer bee zombie (D:8)
  2 hound skeletons (D:4)
  A howler monkey zombie (D:9)
  16 gnolls
  A howler monkey skeleton (D:4)
  5 adders
  A white imp (D:8)
  An adder skeleton (D:4)
  A worm (D:4)
  3 dart slugs
  42 orcs
  6 bats
  2 endoplasms
  3 giant cockroaches
  4 goblins (D:2)
  8 hobgoblins
  4 jackals (D:1)
  2 quokkas
  10 ball pythons
  3 frilled lizards
  16 kobolds
  5 rats
332 creatures vanquished.

Vanquished Creatures (collateral kills)
  A two-headed ogre (D:11)
  2 death yaks (Lair:2)
  A black mamba (Lair:1)
  An unseen horror (D:11)
  2 komodo dragons (Lair:2)
  A tyrant leech (Gauntlet)
  A blink frog (Lair:4)
  A wraith (D:11)
  5 yaks
  2 basilisks (Lair:3)
  A vampire mosquito (Lair:2)
  A water moccasin (Lair:3)
  2 wolves
  A bullfrog (Lair:1)
  A killer bee (D:10)
  A howler monkey (D:9)
  A wight (D:9)
  An orc wizard (D:9)
  2 kobolds (D:11)
28 creatures vanquished.

Vanquished Creatures (others)
  2 hexers
  An electric eel (Lair:4)
  12 fungi
  14 plants
29 creatures vanquished.

Grand Total: 389 creatures vanquished

Notes
Turn   | Place    | Note
-------+----------+-------------------------------------------
     0 | D:1      | Fallenstar the Minotaur Fighter began the quest for the
                  | Orb.
     0 | D:1      | Reached XP level 1. HP: 19/19 MP: 0/0
   120 | D:1      | Reached XP level 2. HP: 27/27 MP: 1/1
   354 | D:1      | Found a faded altar of an unknown god.
   613 | D:1      | Reached skill level 1 in Maces & Flails
   859 | D:2      | Reached XP level 3. HP: 33/33 MP: 2/2
   987 | D:2      | You fall into a shaft and drop 1 floor!
  1112 | D:3      | Noticed Terence
  1115 | D:3      | Killed Terence
  1116 | D:3      | Found a bloodstained altar of Trog.
  1255 | D:3      | Reached XP level 4. HP: 19/40 MP: 3/3
  1892 | D:2      | Reached XP level 5. HP: 47/47 MP: 4/4
  2045 | D:3      | Found a sparkling altar of Nemelex Xobeh.
  2926 | D:4      | Reached skill level 5 in Maces & Flails
  2926 | D:4      | Reached XP level 6. HP: 38/53 MP: 5/5
  2958 | D:4      | Reached skill level 5 in Armour
  3016 | D:4      | Noticed a water moccasin
  3025 | D:4      | Killed a water moccasin
  3026 | D:4      | Reached skill level 1 in Dodging
  3286 | D:5      | Entered Level 5 of the Dungeon
  3315 | D:5      | Reached XP level 7. HP: 60/60 MP: 6/6
  3525 | D:4      | Reached skill level 5 in Fighting
  3954 | D:5      | Noticed a troll
  3961 | D:5      | Killed a troll
  3962 | D:5      | Reached XP level 8. HP: 53/69 MP: 7/7
  4064 | D:5      | Reached skill level 10 in Maces & Flails
  4509 | D:6      | Noticed Pikel
  4523 | D:6      | Killed Pikel
  4524 | D:6      | Reached XP level 9. HP: 48/78 MP: 8/8
  4723 | D:6      | Found a blossoming altar of Fedhas.
  4728 | D:6      | Found an iron altar of Okawaru.
  4775 | D:6      | Noticed Dowan
  4781 | D:6      | Killed Dowan
  4782 | D:6      | Noticed Duvessa
  4800 | D:6      | Killed Duvessa
  4924 | D:6      | Found a snail-covered altar of Cheibriados.
  4933 | D:6      | Found an ancient bone altar of Kikubaaqudgha.
  5057 | D:6      | Noticed Maggie
  5065 | D:6      | Killed Maggie
  5339 | D:7      | Found a staircase to the Ecumenical Temple.
  5347 | D:7      | Reached skill level 3 in Axes
  5402 | Temple   | Entered the Ecumenical Temple
  5453 | Temple   | Became a worshipper of Hepliaklqana the Forgotten
  5570 | D:7      | Reached skill level 4 in Axes
  5570 | D:7      | Reached XP level 10. HP: 31/86 MP: 9/9
  5846 | D:7      | Noticed a two-headed ogre
  5903 | Temple   | Reached skill level 7 in Axes
  5903 | Temple   | Reached skill level 5 in Shields
  5903 | Temple   | Reached XP level 11. HP: 95/95 MP: 9/12
  5932 | D:7      | Killed a two-headed ogre
  5933 | D:7      | Reached skill level 8 in Axes
  6049 | D:7      | Noticed Joseph
  6058 | D:7      | Killed Joseph
  6325 | D:8      | Noticed Erica
  6371 | D:8      | Killed Erica
  6424 | D:8      | Found a runed translucent door.
  6424 | D:8      | Noticed Flippered's ghost (novice DrCj)
  6473 | D:8      | Reached skill level 9 in Axes
  6486 | D:8      | Noticed Harold
  6499 | D:8      | Killed Harold
  6590 | D:8      | Noticed Maurice
  6615 | D:8      | Killed Maurice
  6794 | D:8      | Reached skill level 10 in Axes
  6806 | D:8      | Reached * piety under Hepliaklqana
  7056 | D:8      | Killed Flippered's ghost
  7189 | D:9      | Found a shimmering blue altar of Sif Muna.
  7440 | D:9      | Reached skill level 11 in Axes
  7509 | D:9      | Found an opulent altar of Gozag.
  7704 | D:10     | Entered Level 10 of the Dungeon
  7704 | D:10     | Noticed Grum
  7711 | D:10     | Killed Grum
  7731 | D:10     | Noticed stickyfingers's ghost (journeyman DEAr)
  7734 | D:10     | Found a runed translucent door.
  7751 | D:10     | Killed stickyfingers's ghost
  7825 | D:10     | Noticed a two-headed ogre
  7834 | D:10     | Killed a two-headed ogre
  7970 | D:10     | Reached ** piety under Hepliaklqana
  7974 | D:10     | Reached skill level 12 in Axes
  7985 | D:10     | Remembered your ancestor Cow as a hexer
  8055 | D:10     | Noticed a two-headed ogre
  8061 | D:10     | Killed a two-headed ogre
  8062 | D:10     | Reached XP level 12. HP: 68/94 MP: 13/13
  8691 | D:11     | Found a staircase to the Lair.
  8733 | D:11     | Found a staircase to the Orcish Mines.
  8870 | D:11     | Found Duejurac's Antique Armour Shoppe.
  8940 | D:11     | Noticed a boulder beetle
  8954 | D:11     | Killed a boulder beetle
  8955 | D:11     | Reached skill level 10 in Fighting
  9080 | D:11     | Noticed a two-headed ogre
  9086 | D:11     | Killed a two-headed ogre
  9087 | D:11     | Reached skill level 13 in Axes
  9269 | Lair:1   | Entered Level 1 of the Lair of Beasts
  9312 | Lair:1   | Reached *** piety under Hepliaklqana
  9493 | Lair:1   | Reached skill level 10 in Armour
  9898 | Lair:2   | Reached skill level 14 in Axes
 10115 | Lair:2   | Identified the +8 shortbow of Dishonesty {venom, Int+4}
 10239 | Lair:2   | Noticed a death yak
 10239 | Lair:2   | Noticed a death yak
 10239 | Lair:2   | Noticed a death yak
 10246 | Lair:2   | Noticed a death yak
 10247 | Lair:2   | Noticed a death yak
 10251 | Lair:2   | Killed a death yak
 10253 | Lair:2   | Killed a death yak
 10363 | Lair:1   | Killed a death yak
 10367 | Lair:1   | Killed a death yak
 10393 | Lair:2   | Killed a death yak
 10414 | Lair:2   | Noticed a catoblepas
 10423 | Lair:2   | Reached XP level 13. HP: 81/103 MP: 14/14
 10528 | Lair:2   | Found a staircase to the Swamp.
 11165 | Lair:3   | Reached skill level 15 in Axes
 11169 | Lair:3   | Found a hole to the Spider Nest.
 11348 | D:11     | Bought an embroidered cloak for 225 gold pieces
 11459 | Lair:3   | Noticed Sonja
 11466 | Lair:3   | Reached **** piety under Hepliaklqana
 11480 | Lair:3   | Killed Sonja
 11481 | Lair:3   | Reached skill level 5 in Dodging
 12580 | Lair:4   | Reached ***** piety under Hepliaklqana
 12606 | Lair:4   | Found a gate leading to a gauntlet.
 12619 | Gauntlet | Entered a Gauntlet
 12619 | Gauntlet | Found a large runed translucent door.
 12619 | Gauntlet | Found a large runed translucent door.
 12619 | Gauntlet | Found a large runed translucent door.
 12619 | Gauntlet | Found a large runed translucent door.
 12619 | Gauntlet | Found a large runed translucent door.
 12619 | Gauntlet | Found a large runed translucent door.
 12619 | Gauntlet | Found a large runed translucent door.
 12619 | Gauntlet | Found a large runed translucent door.
 12619 | Gauntlet | Found a runed translucent door.
 12619 | Gauntlet | Found a runed translucent gate.
 12619 | Gauntlet | Found a transporter.
 12619 | Gauntlet | Found a transporter.
 12619 | Gauntlet | Found a runed translucent gate.
 12619 | Gauntlet | Found a transporter.
 12620 | Gauntlet | Found a transporter.
 12623 | Gauntlet | Found a transporter.
 12632 | Gauntlet | Found a runed translucent gate.
 12634 | Gauntlet | Found a large runed translucent door.
 12635 | Gauntlet | Found a large runed translucent door.
 12639 | Gauntlet | Found a transporter.
 12645 | Gauntlet | Found a transporter.
 12660 | Gauntlet | Found a transporter.
 12683 | Gauntlet | Found a transporter.
 12710 | Gauntlet | Found a transporter.
 12728 | Gauntlet | Found a transporter.
 12732 | Gauntlet | Found a large runed translucent door.
 12733 | Gauntlet | Found a large runed translucent door.
 12734 | Gauntlet | Found a large runed translucent door.
 12734 | Gauntlet | Found a large runed translucent door.
 12734 | Gauntlet | Found a large runed translucent door.
 12734 | Gauntlet | Found a large runed translucent door.
 12735 | Gauntlet | Found a runed translucent door.
 12782 | Gauntlet | Found a transporter.
 13050 | Gauntlet | Identified the +1 helmet of Majestic Brilliance {Harm +Inv
                  | Int-4}
 13083 | Gauntlet | Reached skill level 16 in Axes
 13083 | Gauntlet | Reached XP level 14. HP: 112/112 MP: 15/15
 13108 | Gauntlet | Slain by a catoblepas

Illustrated notes

Levels and vault maps discovered:
D:1:      lemuel_arrival_behind_the_door_large, layout_loops_cross,
          hellmonk_ecumenical_altar_zigzags
D:2:      layout_loops_ring
D:3:      layout_basic, trog_three_pillars_becter, nemelex_diamond_rough_becter,
          uniq_terence
D:4:      layout_loops_cross
D:5:      layout_basic
D:6:      layout_rooms, mainiacjoe_overflow_swirl,
          mainiacjoe_overflow_divided_tiny, nrook_pool_corridor,
          kb_lookout_dungeons_type, minmay_misc_feat_secret_circle, uniq_pikel,
          uniq_duvessa, uniq_maggie
D:7:      layout_gridville, minmay_temple_entry_hall, minmay_misc_feat_alley,
          uniq_joseph
D:8:      layout_loops_cross, serial_glass, glass_columns_a, glass_columns_b,
          gammafunk_ghost_grave, dk_noncrumbling_3,
          chequers_serial_rivers_micro_e, uniq_harold, uniq_erica, uniq_maurice
D:9:      layout_cave_pools, nicolae_overflow_hidden_temple,
          mainiacjoe_overflow_cross_hatched, mainiacjoe_overflow_24_doors
D:10:     layout_loops_ring, hellmonk_ghost_happy_afterlife, uniq_grum
D:11:     layout_stronghold, grunt_lair_entry_orc_guard_hut, david_orc_3,
          serial_shops, nicolae_shop_hallway_stairs
Temple:   dshaligram_water_room_temple
Lair:1:   layout_big_grid, beast_lair_carwin_5
Lair:2:   layout_concentric_octagons, minmay_swamp_entry_swarm
Lair:3:   layout_long_grid, spider_nest_entry_webs, uniq_sonja
Lair:4:   layout_gridlike, gauntlet_entry_generic
Gauntlet: gammafunk_gauntlet_shortcut [nicolae_gauntlet_arena_blocks,
          gammafunk_gauntlet_arena_crates,
          minmay_gauntlet_arena_make_your_own_arena,
          gammafunk_gauntlet_arena_teeth, gammafunk_gauntlet_arena_grid,
          gammafunk_gauntlet_arena_mazey, dreamdust_gauntlet_exit_labyrinth]

Skill      XL: |  1  2  3  4  5  6  7  8  9 10 11 12 13 |
---------------+----------------------------------------+-----
Fighting       | 4 5 6 7 8 9 10 11 | 11.7
Armour         | 4 5 6 7 8 9 10 12 | 12.1
Maces & Flails | 1 2 3 5 6 9 11 13 14 | 14.3
Dodging        | 1 4 5 |  5.0
Axes           | 4 7 12 14 16 | 16.3
Shields        | 4 5 6 7 9 |  9.4
Invocations    | 3 |  3.5
Evocations     | 2 |  2.8

Action                   |  1- 3 |  4- 6 |  7- 9 | 10-12 | 13-15 || total
-------------------------+-------+-------+-------+-------+-------++-------
Melee: War axe           |    28 |       |       |       |       ||    28
       Headbutt          |     7 |     7 |    25 |    83 |    27 ||   149
       Great mace        |    59 |   105 |   151 |       |    34 ||   349
       Broad axe         |       |       |    31 |   396 |   137 ||   564
Invok: Recall Ancestor   |       |       |       |     3 |       ||     3
       Ancestor Life: He |       |       |       |     1 |       ||     1
       Ancestor Identity |       |       |       |     1 |       ||     1
  Use: Potion            |     2 |       |    11 |     5 |     7 ||    25
       Scroll            |       |     7 |     6 |     2 |     5 ||    20
 Stab: Distracted        |       |       |       |    10 |     4 ||    14
       Petrified         |       |       |       |     3 |     3 ||     6
       Confused          |       |       |       |     2 |     1 ||     3
       Petrifying        |       |       |       |     1 |       ||     1
Armor: Scale mail        |    30 |       |       |       |       ||    30
       Chain mail        |    15 |    83 |   115 |   152 |    13 ||   378
       Plate armour      |       |       |       |       |    74 ||    74
Dodge: Dodged            |    50 |    60 |   115 |   107 |    51 ||   383
Block: Buckler           |    11 |       |    12 |    53 |       ||    76
       Kite shield       |       |       |       |    45 |    60 ||   105
